 Dungeon Crawl Stone Soup version 0.26.0-10-g1f06aea511 (webtiles) character file.

Game seed: 5448660622641809514

88 nikku the Skirmisher (level 4, -4/41 HPs)
             Began as a Hill Orc Fighter on Jan 15, 2021.
             Was an Initiate of Qazlal.
             Slain by an iguana (6 damage)
             ... on level 4 of the Dungeon.
             The game lasted 00:08:00 (2430 turns).

nikku the Skirmisher (Hill Orc Fighter)             Turns: 2430, Time: 00:08:01

Health: -4/41      AC:  7    Str: 19    XL:     4   Next: 53%
Magic:  4/4        EV:  7    Int:  8    God:    Qazlal [......]
Gold:   236        SH:  9    Dex: 10    Spells: 3/3 levels left

rFire    . . .     SeeInvis .   a - +1 war axe
rCold    . . .     Faith    .   c - +0 kite shield
rNeg     . . .     Spirit   .   b - +0 scale mail
rPois    .         Reflect  .   (no helmet)
rElec    .         Harm     .   (no cloak)
rCorr    .         Rampage  .   (no gloves)
Will     +....                  (no boots)
Stlth    ..........             o - amulet of the acrobat
HPRegen  0.13/turn              k - ring of willpower
MPRegen  0.09/turn              (no ring)

@: no status effects
A: no striking features
a: Renounce Religion


You were on level 4 of the Dungeon.
You worshipped Qazlal.
Qazlal was noncommittal.
You visited 1 branch of the dungeon, and saw 4 of its levels.

You collected 236 gold pieces.

Inventory:

Hand Weapons
 a - a +1 war axe (weapon)
Armour
 b - a +0 scale mail (worn)
 c - a +0 kite shield (worn)
Jewellery
 k - a ring of willpower (left hand)
 o - an amulet of the acrobat (around neck)
Scrolls
 e - 4 scrolls of teleportation
 g - 5 scrolls of remove curse
 j - a scroll of fear
Potions
 d - a potion of might
 f - 2 potions of heal wounds
 h - a potion of curing {unknown}
 i - a potion of haste
 l - a potion of attraction
 m - a potion of brilliance {unknown}
 n - a potion of flight {unknown}


   Skills:
 + Level 4.4 Fighting
 + Level 3.7 Axes
 + Level 4.0 Armour
 + Level 4.0 Shields


You had 3 spell levels left.
You didn't know any spells.
Your spell library was empty.

Dungeon Overview and Level Annotations

Branches:
Dungeon (4/15)
 Temple: D:4-7

Altars:
Qazlal
Wu Jian


Message History

The iguana bites you! The iguana barely misses you.
You hit the iguana.
The iguana is moderately wounded.
You block the iguana's attack.
You hit the iguana but do no damage.
The iguana is moderately wounded.
The iguana bites you! x2
* * * LOW HITPOINT WARNING * * *
You are too injured to fight recklessly!
The iguana hisses menacingly.
The iguana hisses menacingly.
You barely miss the iguana.
The iguana is moderately wounded.
The iguana bites you but does no damage.
You hit the iguana but do no damage.
The iguana is moderately wounded.
The iguana bites you!
* * * LOW HITPOINT WARNING * * *
The iguana bites you.
You die...

##### #...#
######...###
..........<#
#..........#
#.>#.......#
.........#####...
..###.@.........
. ##l######...
#.# #. # #.#
#.##.##.#
##.......##
##.........#
#.......##.#
#..)....##.#


You could see an iguana.

Vanquished Creatures
  2 adders
  2 oozes (D:2)
  3 dart slugs
  A ball python (D:1)
  3 giant cockroaches
  6 goblins
  3 hobgoblins
  8 jackals
  8 kobolds
  2 quokkas
  4 bats
  6 frilled lizards
  4 rats
52 creatures vanquished.

Notes
Turn   | Place    | Note
-------+----------+-------------------------------------------
     0 | D:1      | nikku the Hill Orc Fighter began the quest for the Orb.
     0 | D:1      | Reached XP level 1. HP: 19/19 MP: 1/1
   155 | D:1      | Reached XP level 2. HP: 26/27 MP: 2/2
   600 | D:1      | Reached XP level 3. HP: 33/33 MP: 3/3
  1051 | D:2      | Reached XP level 4. HP: 31/40 MP: 4/4
  1164 | D:2      | Found a faded altar of an unknown god.
  1796 | D:3      | Noticed an earth elemental
  1799 | D:3      | Found a stormy altar of Qazlal.
  1800 | D:3      | Noticed a water elemental
  1800 | D:3      | Noticed a fire elemental
  1800 | D:3      | Noticed an air elemental
  1814 | D:3      | Became a worshipper of Qazlal Stormbringer
  1999 | D:3      | Found an ornate altar of the Wu Jian Council.
  2430 | D:4      | HP: 2/41 [iguana (11)]
  2430 | D:4      | Slain by an iguana

Illustrated notes

Levels and vault maps discovered:
D:1:      lightli_arrival_maybe_door_vault, layout_rooms, minmay_misc_feat_doors
D:2:      layout_loops_ring, chequers_ecumenical_altar_simple_redux,
          minmay_pentomino_q2
D:3:      layout_basic, nicolae_overflow_crystal_walls,
          nicolae_qazlal_style_of_elements
D:4:      layout_loops_corners, lemuel_round_altar, minitemple,
          fedhas_bush_and_centaur_altar, minmay_temple_entry_trees

Skill      XL: |  1  2  3  4 |
---------------+-------------+-----
Axes           | 3 |  3.7
Fighting       | 4 |  4.4
Armour         | 4 |  4.0
Shields        | 4 |  4.0

Action                   |  1- 3 |  4- 6 || total
-------------------------+-------+-------++-------
Melee: War axe           |   106 |    78 ||   184
  Use: Scroll            |     5 |     2 ||     7
Armor: Scale mail        |    47 |    37 ||    84
Dodge: Dodged            |    22 |    33 ||    55
Block: Kite shield       |    44 |    54 ||    98
